AoeStats
← 没麦打尼玛CSGO(下等马户

Arena

507709860Analyzed
4v4 RM · 11d ago on Sep 19, 2026· 43m 51s· 8 players
Game mode
Random Map
Map size
Large (8 player)
Population
200
Speed
Normal
Resources
Standard
Victory
Conquest
Starting age
Dark Age
Ending age
Imperial Age
RankedLock teamsTeams togetherTeam positionsShared explorationLock speedFull tech treeHidden civsTurbo modeCheats
Victory
Defeat
🇹🇼 Teutons · Taiwan
1229
+12
🇨🇳 Teutons · China
1195
+14
🇯🇵 Portuguese · Japan
1172
+15
🇮🇳 Khmer · India
1238
-17
🇩🇪 Burgundians · Germany
1135
-13
🇵🇱 Mongols · Poland
1109
-12
🇧🇷 Koreans · Brazil
1094
-12
jean_sibe
11:04 Feudal Age
12:36 Loom
15:22 Castle Age
15:05 Double-Bit Axe
15:02 Horse Collar
20:36 Town Watch
22:04 Bow Saw
22:21 Fletching
24:49 Bodkin Arrow
24:53 Gold Mining
27:18 Masonry
29:12 Ballistics
33:00 Imperial Age
30:01 Crossbowman
30:47 Thumb Ring
31:51 Padded Archer Armor
33:03 Wheelbarrow
32:32 Heavy Plow
32:24 Stone Mining
33:21 Leather Archer Armor
34:28 Bracer
35:29 Chemistry
34:35 Siege Engineers
35:53 Two-Man Saw
35:02 Town Patrol
36:15 Architecture
36:16 Ring Archer Armor
37:20 Conscription
36:25 Arbalester
40:55 Guilds
40:29 Elite Organ Gun
43:27 Caravan
43:38 Arquebus
没麦打尼玛CSGO(下等马户
10:59 Feudal Age
11:43 Double-Bit Axe
14:43 Castle Age
13:00 Horse Collar
22:51 Wheelbarrow
23:27 Bow Saw
23:25 Heavy Plow
25:39 Hand Cart
25:31 Gold Mining
29:43 Imperial Age
27:29 Loom
28:02 Bloodlines
27:52 Husbandry
27:43 Town Watch
28:36 Gold Shaft Mining
27:53 Stone Mining
28:13 Scale Barding Armor
28:56 Forging
29:09 Chain Barding Armor
29:33 Forging
30:13 Stone Shaft Mining
29:48 Heavy Camel Rider
31:36 Plate Barding Armor
31:37 Iron Casting
31:09 Siege Engineers
32:22 Chemistry
31:27 Siege Engineers
32:22 Chemistry
31:28 Siege Engineers
32:00 Grand Trunk Road
32:21 Conscription
32:05 Imperial Camel Rider
35:17 Blast Furnace
34:51 Coinage
34:33 Masonry
34:47 Ballistics
35:06 Town Patrol
35:39 Fletching
35:51 Padded Archer Armor
36:22 Caravan
36:54 Banking
39:24 Leather Archer Armor
39:04 Bodkin Arrow
39:19 Shatagni
43:48 Caravan
飛衫走奶
6:27 Loom
9:14 Feudal Age
11:36 Fletching
17:01 Double-Bit Axe
16:58 Horse Collar
23:27 Wheelbarrow
26:51 Castle Age
27:48 Bow Saw
27:39 Heavy Plow
27:55 Hand Cart
27:43 Gold Mining
30:41 Stone Mining
38:05 Imperial Age
36:00 Forging
35:52 Scale Mail Armor
38:18 Stone Shaft Mining
38:22 Iron Casting
37:54 Scale Barding Armor
38:10 Ballistics
38:01 Fortified Wall
38:01 Masonry
38:10 Bloodlines
38:47 Chain Barding Armor
38:43 Chain Mail Armor
39:57 Blast Furnace
39:51 Plate Barding Armor
38:56 Cavalier
41:14 Plate Mail Armor
41:04 Squires
40:51 Arson
40:35 Pikeman
41:37 Bodkin Arrow
41:43 Padded Archer Armor
42:46 Two-Man Saw
42:17 Crop Rotation
42:12 Conscription
43:43 Paladin
惢丶利安
6:57 Loom
9:20 Feudal Age
11:32 Horse Collar
11:38 Double-Bit Axe
20:41 Castle Age
19:51 Stone Mining
20:59 Gold Mining
22:58 Heavy Plow
25:11 Wheelbarrow
25:29 Town Watch
26:29 Bow Saw
29:06 Hand Cart
33:59 Imperial Age
32:59 Stone Shaft Mining
32:38 Masonry
32:46 Fletching
32:32 Pikeman
33:26 Scale Mail Armor
33:37 Forging
33:59 Squires
34:07 Halberdier
36:12 Chemistry
35:55 Conscription
35:49 Arson
36:59 Chain Mail Armor
37:19 Iron Casting
36:57 Town Patrol
39:52 Two-Man Saw
39:24 Crop Rotation
40:35 Plate Mail Armor
41:06 Blast Furnace
40:29 Crenellations
42:13 Elite Teutonic Knight
odoaker2
9:38 Feudal Age
11:05 Double-Bit Axe
12:47 Loom
13:37 Man-at-Arms
23:59 Stone Mining
26:37 Castle Age
25:14 Horse Collar
31:01 Bow Saw
33:21 Heavy Plow
35:33 Gold Mining
36:21 Stone Shaft Mining
36:22 Town Watch
37:08 Fletching
37:18 Padded Archer Armor
38:04 Wheelbarrow
38:53 Masonry
38:39 Murder Holes
39:47 Leather Archer Armor
39:29 Bodkin Arrow
40:03 Ballistics
40:38 Bloodlines
40:28 Husbandry
44:59 Imperial Age
42:45 Light Cavalry
Bélga
9:37 Loom
11:43 Feudal Age
14:51 Double-Bit Axe
17:10 Castle Age
15:30 Gold Mining
15:34 Stone Mining
17:05 Gold Mining
20:38 Wheelbarrow
25:56 Fletching
29:16 Bodkin Arrow
33:52 Imperial Age
32:35 Hand Cart
33:51 Bow Saw
34:51 Bracer
36:25 Two-Man Saw
35:30 Elite Skirmisher
38:37 Chemistry
39:44 Horse Collar
39:38 Light Cavalry
40:31 Forging
40:47 Husbandry
40:35 Hussar
40:39 Elite Fire Lancer
41:59 Iron Casting
41:31 Scale Barding Armor
silkroad
6:09 Double-Bit Axe
11:16 Feudal Age
14:58 Castle Age
13:31 Bow Saw
15:18 Horse Collar
18:36 Loom
22:35 Wheelbarrow
23:31 Heavy Plow
24:31 Hand Cart
24:02 Town Watch
25:27 Two-Man Saw
25:25 Stone Mining
25:25 Gold Mining
29:44 Imperial Age
28:36 Caravan
31:04 Husbandry
30:28 Light Cavalry
30:29 Cavalier
31:18 Scale Barding Armor
31:24 Forging
32:18 Chemistry
30:59 Treadmill Crane
31:30 Masonry
32:01 Hussar
33:37 Chain Barding Armor
33:53 Squires
34:00 Scale Mail Armor
35:34 Chain Mail Armor
35:55 Iron Casting
36:45 Plate Mail Armor
38:31 Blast Furnace
39:42 Ballistics
41:08 Conscription
40:55 Burgundian Vineyards
41:15 Arson
41:25 Fletching
newats2007
11:03 Feudal Age
11:33 Loom
14:14 Castle Age
26:50 Double-Bit Axe
28:03 Wheelbarrow
28:29 Horse Collar
32:14 Imperial Age
32:04 Fletching
32:14 Padded Archer Armor
32:25 Forging
32:59 Bodkin Arrow
33:45 Ballistics
34:26 Chemistry
34:07 Bow Saw
34:11 Heavy Plow
33:36 Light Cavalry
35:18 Heavy Scorpion
36:29 Hand Cart
38:23 Iron Casting
37:49 Scale Mail Armor
37:40 Pikeman
39:57 Halberdier
Connection lost

Rejoining the realm…

Still unreachable

The connection could not be restored.

Session expired

The server has moved on; the page needs a fresh start.